 Dungeon Sprint DCSS version 0.26-a0-708-g17f3b190f9 (webtiles) character file.

Game seed: 14099434365465156089

53814 olmar the Petrodigitator (level 14, -25/102 HPs)
             Began as a Deep Dwarf Earth Elementalist on Oct 29, 2020.
             Was an Initiate of Gozag.
             Killed from afar by a nagaraja (28 damage)
             ... with a bolt of poison
             ... in the Dungeon (Sprint VII: "The Pits").
             The game lasted 00:17:20 (4302 turns).

olmar the Petrodigitator (DDEE)                     Turns: 4302, Time: 00:17:21

Health: -25/102    AC: 10    Str: 13    XL:     14   Next: 32%
Magic:  1/42       EV: 12    Int: 30    God:    Gozag
Gold:   4838       SH:  0    Dex:  8    Spells: 56/62 levels left

rFire    + + .     SeeInvis +   w - +1 broad axe of Truncation {flame, +Rage Int+7 Dex-5}
rCold    + . .     Faith    .   (no shield)
rNeg     + + .     Spirit   .   y - +2 robe {rC+ rF+}
rPois    .         Reflect  .   g - +2 helmet {Int+3}
rElec    .         Harm     .   t - +0 cloak
rCorr    .         Rampage  .   (no gloves)
MR       +++++     Clarity  +   f - +1 pair of boots {run} Stlth +++.......NoTele +
                                O - amulet of the Four Winds {rN+ MR+++ Clar}
HPRegen  0.00/turn              N - ring of Gyoggenyq {rF+ SInv Stlth+}
MPRegen  0.28/turn              A - ring of protection from magic

@: lethally poisoned (-25 -> -57), gold aura, non-regenerating, quick
A: damage resistance, heal wounds, negative energy resistance 1, sense
surroundings 2, no regeneration
a: Heal Wounds, Potion Petition, Call Merchant, Bribe Branch, Renounce Religion,
Evoke Berserk Rage


You were in the Dungeon.
You worshipped Gozag.
Gozag was most pleased with you.
You visited 1 branch You collected 11697 gold pieces.
You spent 3371 gold pieces at shops.
You paid 3488 gold pieces to Gozag.

Inventory:

Hand Weapons
 m - a +2 quarterstaff
 p - a +1 quarterstaff of protection
 w - the +1 broad axe of Truncation (weapon) {flame, +Rage Int+7 Dex-5}
   (You found it in the Dungeon)

   It has been specially enchanted to burn those struck by it, causing extra
   injury to most foes and up to half again as much damage against particularly
   susceptible opponents.
   Big, fiery blades are also staple armaments of hydra-hunters.
   It affects your intelligence (+7).
   It affects your dexterity (-5).
   It lets you go berserk.
Missiles
 b - 12 stones (quivered)
Armour
 a - the cursed -1 helmet "Lualeov" {Rampage rF- Str+3 Dex+6}
   (You found it in the Dungeon)

   It affects your strength (+3).
   It affects your dexterity (+6).
   It makes you vulnerable to fire.
   It bestows one free step when moving towards enemies.
   It has a curse placed upon it.
 c - a +0 robe
 f - a +1 pair of boots of running (worn)
 g - a +2 helmet of intelligence (worn)
 i - the +1 scale mail of Hedging {rPois Dex+4}
   (You found it in the Dungeon)

   It affects your dexterity (+4).
   It protects you from poison.
 n - a +3 scale mail
 o - a +3 ring mail
 t - a +0 cloak (worn)
 u - a +5 ring mail
 y - a +2 robe of resistance (worn)
 M - a +1 pair of gloves
Jewellery
 q - a +3 ring of dexterity
 r - a +3 ring of protection
 z - an uncursed ring of protection from fire
 A - a ring of protection from magic (right hand)
 D - an uncursed ring of protection from fire
 N - the ring of Gyoggenyq (left hand) {rF+ SInv Stlth+}
   (You bought it in a shop in the Dungeon)

   [ring of see invisible]

   It protects you from fire.
   It lets you see invisible.
   It makes you more stealthy.
 O - the amulet of the Four Winds (around neck) {rN+ MR+++ Clar}
   (You bought it in a shop in the Dungeon)

   [amulet of nothing]

   It protects you from negative energy.
   It affects your resistance to hostile enchantments.
   It protects you against confusion.
Wands
 B - a wand of paralysis (7)
Scrolls
 j - 5 scrolls of remove curse
 k - 5 scrolls of amnesia
 l - a scroll of summoning
 C - a scroll of random uselessness
 F - 2 scrolls of enchant weapon
 H - 6 scrolls of enchant armour
 I - a scroll of fog
 J - a scroll of identify
Potions
 d - a potion of curing
 h - 3 potions of berserk rage
 s - 5 potions of stabbing
 v - 6 potions of mutation
 x - a potion of brilliance
 E - 3 potions of might
 G - a potion of heal wounds
 K - a potion of cancellation


   Skills:
 - Level 2.1 Dodging
 - Level 2.4 Stealth
 + Level 24.9 Spellcasting
   Level 0.8 Transmutations
 O Level 27 Earth Magic


You had 56 spell levels left.
You knew the following spells:

 Your Spells              Type           Power        Failure   Level
a - Sandblast             Erth           ######       0%          1
b - Lee's Rapid Deconstr  Erth           ########..   0%          5

Your spell library contained the following spells:

 Spells                   Type           Power        Failure   Level
 Passwall                 Tmut/Erth      #######.     0%          2
 Stone Arrow              Conj/Erth      ######       0%          3
 Petrify                  Tmut/Erth      #######.     1%          4
 Borgnjor's Vile Clutch   Necr/Erth      #######...   1%          5
 Animate Dead             Necr           #####.....   8%          4
 Death Channel            Necr           #####.....   75%         6
 Simulacrum               Ice/Necr       #####.....   75%         6


Dungeon Overview and Level Annotations

Branches:
Dungeon (1/1)

Altars:
Ashenzari
Cheibriados
Dithmenos
Elyvilon
Fedhas
Gozag
Hepliaklqana
Kikubaaqudgha
Makhleb
Nemelex Xobeh
Okawaru
Qazlal
Ru
Sif Muna
Trog
Uskayaw
Vehumet
Wu Jian
Xom
Yredelemnul
Zin
The Shining One
Beogh
Jiyva
Lugonu

Shops:
D [=


Innate Abilities, Weirdness & Mutations

You are resistant to damage.
You can heal yourself by infusing magical energy.
You resist negative energy. (rN+)
You passively map the area around you.
You do not regenerate.


Message History

Unknown command.
You feel better. The nagaraja casts a spell at you. The poison arrow hits you!!
You are poisoned.
* * * LOW HITPOINT WARNING * * *
Unknown command.
Evoke which item? (* to show all) (? for menu, Esc to quit)
Okay, then.
As you read the scroll of fear, it crumbles to dust.
You assume a fearsome visage.
The nagaraja easily resists.
The nagaraja spits poison at you. The splash of poison hits you!
You are more poisoned.
* * * LOW HITPOINT WARNING * * *
The nagaraja casts a spell at you. The bolt of poison hits you!!
You are more poisoned.
You die...
Your body crumbles into a pile of gold.

,+ , , * ,+ + * * + + +
+,, , +, ,* , , ,,+ + + ,
** * * * * ** * *
########################+#
)...)..)(∩...............#
)..))))).)......@....N)..#
#######)'##############).#
))))#......#.[.[#[[#[.#..#
#''##......##''##[[#[[#..#
....#......#....#.....#..#
....###).###....####..#..#
......).)).).....).'..#N.#
................####..#..#
..####....####..#.....#..#


You could see a nagaraja (fast, catching breath).

Vanquished Creatures
  Arachne (D)
  A lich (D)
  A deep elf blademaster (D)
  A storm dragon (D)
  A nagaraja (D)
  A draconian monk (D)
  2 orc warlords (D)
  A deep elf sorcerer (D)
  An emperor scorpion (D)
  A draconian stormcaller (D)
  A green draconian (D)
  A deep elf demonologist (D)
  A black draconian (D)
  A deep elf annihilator (D)
  A yellow draconian (D)
  3 deep elf death magi (D)
  Josephine (D)
  2 yaktaur captains (D)
  A naga warrior (D)
  An anaconda (D)
  A merfolk aquamancer (D)
  A merfolk avatar (D)
  A death knight (D)
  A death yak (D)
  2 vampire magi (D)
  An orc high priest (D)
  5 deep elf knights (D)
  A shadow wraith (D)
  A deep troll (D)
  A spriggan druid (D)
  A lindwurm (D)
  A wizard (D)
  13 orc knights (D)
  2 manticores (D)
  An orc sorcerer (D)
  A cyclops (D)
  An elephant (D)
  A naga mage (D)
  A rust devil (D)
  A molten gargoyle (D)
  An orange demon (D)
  4 yaktaurs (D)
  An ice devil (D)
  A red devil (D)
  A wind drake (D)
  2 trolls (D)
  A jumping spider (D)
  A polar bear (D)
  11 dream sheep (D)
  2 shadows (D)
  4 water elementals (D)
  A redback (D)
  A wyvern (D)
  2 fire bats (D)
  3 wraiths (D)
  A warg (D)
  A soldier ant (D)
  3 floating eyes (D)
  A water moccasin (D)
  9 hell hounds (D)
  A swamp drake (D)
  2 orc warriors (D)
  An ogre (D)
  2 phantoms (D)
  A big kobold (D)
  2 bullfrogs (D)
  5 killer bees (D)
  3 wights (D)
  A crimson imp (D)
  4 orc priests (D)
  A gnoll shaman (D)
  A worker ant (D)
  2 orc wizards (D)
  6 gnolls (D)
  An adder (D)
  An ufetubus (D)
  An ooze (D)
  An adder zombie (D)
  A worm (D)
  12 orcs (D)
  3 bats (D)
  3 giant cockroaches (D)
  2 jackals (D)
  A frilled lizard (D)
  A goblin (D)
172 creatures vanquished.

Notes
Turn   | Place    | Note
-------+----------+-------------------------------------------
     0 | D        | olmar the Deep Dwarf Earth Elementalist began the quest for
                  | the Orb.
     0 | D        | Reached XP level 1. HP: 15/15 MP: 3/3
    35 | D        | Found a glowing golden altar of the Shining One.
    35 | D        | Found a glowing silver altar of Zin.
    35 | D        | Found a basalt altar of Yredelemnul.
    35 | D        | Found a shimmering altar of Xom.
    35 | D        | Found an ornate altar of the Wu Jian Council.
    35 | D        | Found a bloodstained altar of Trog.
    35 | D        | Found a shimmering blue altar of Sif Muna.
    35 | D        | Found a sacrificial altar of Ru.
    35 | D        | Found a stormy altar of Qazlal.
    35 | D        | Found an iron altar of Okawaru.
    35 | D        | Found a sparkling altar of Nemelex Xobeh.
    35 | D        | Found a burning altar of Makhleb.
    35 | D        | Found a viscous altar of Jiyva.
    35 | D        | Found a hazy altar of Hepliaklqana.
    35 | D        | Found an opulent altar of Gozag.
    35 | D        | Found a blossoming altar of Fedhas.
    35 | D        | Found a white marble altar of Elyvilon.
    35 | D        | Found a shadowy altar of Dithmenos.
    35 | D        | Found a snail-covered altar of Cheibriados.
    36 | D        | Found a radiant altar of Vehumet.
    36 | D        | Found a corrupted altar of Lugonu.
    36 | D        | Found a roughly hewn altar of Beogh.
    37 | D        | Found an ancient bone altar of Kikubaaqudgha.
    37 | D        | Found a hide-covered altar of Uskayaw.
    37 | D        | Found a broken altar of Ashenzari.
    39 | D        | Became a worshipper of Gozag Ym Sagoz the Greedy
    49 | D        | Reached skill level 5 in Earth Magic
    59 | D        | Reached skill level 6 in Earth Magic
    59 | D        | Reached XP level 2. HP: 22/22 MP: 1/5
   116 | D        | Noticed a floating eye
   118 | D        | Paralysed by a floating eye for 4 turns
   123 | D        | Killed a floating eye
   123 | D        | Reached skill level 10 in Earth Magic
   123 | D        | Reached XP level 3. HP: 28/28 MP: 3/9
   123 | D        | Reached XP level 4. HP: 36/36 MP: 3/10
   131 | D        | Reached skill level 11 in Earth Magic
   169 | D        | Noticed a floating eye
   173 | D        | Paralysed by a floating eye for 2 turns
   177 | D        | Killed a floating eye
   177 | D        | Reached skill level 12 in Earth Magic
   177 | D        | Reached XP level 5. HP: 42/42 MP: 6/13
   243 | D        | Learned a level 5 spell: Lee's Rapid Deconstruction
   244 | D        | Noticed a fire bat
   247 | D        | Killed a fire bat
   247 | D        | Reached skill level 14 in Earth Magic
   247 | D        | Reached XP level 6. HP: 40/49 MP: 8/16
   282 | D        | Noticed a water moccasin
   364 | D        | Reached skill level 15 in Earth Magic
   365 | D        | Killed a water moccasin
   365 | D        | Reached XP level 7. HP: 31/55 MP: 4/18
   448 | D        | Reached skill level 16 in Earth Magic
   479 | D        | Noticed an orc high priest
   482 | D        | Killed an orc high priest
   482 | D        | Reached skill level 17 in Earth Magic
   482 | D        | Reached XP level 8. HP: 55/62 MP: 3/21
   587 | D        | Reached skill level 10 in Spellcasting
   648 | D        | Noticed a jumping spider
   653 | D        | Reached skill level 18 in Earth Magic
   653 | D        | Killed a jumping spider
   807 | D        | Got the +1 broad axe of Truncation {flame, +Rage Int+7
                  | Dex-5}
   887 | D        | Gained mutation: You passively map the area around you.
                  | [Deep Dwarf growth]
   887 | D        | Reached XP level 9. HP: 60/68 MP: 8/24
   985 | D        | Noticed a molten gargoyle
   986 | D        | Killed a molten gargoyle
   986 | D        | Reached skill level 19 in Earth Magic
   988 | D        | Noticed a deep troll
   992 | D        | Killed a shadow wraith
   992 | D        | Reached skill level 20 in Earth Magic
  1006 | D        | Killed a deep troll
  1016 | D        | Noticed an orc knight
  1020 | D        | Noticed a death yak
  1021 | D        | Noticed a troll
  1041 | D        | Killed an orc knight
  1041 | D        | Reached skill level 21 in Earth Magic
  1041 | D        | Reached XP level 10. HP: 67/75 MP: 18/27
  1050 | D        | Killed a death yak
  1116 | D        | Noticed Josephine
  1149 | D        | Killed Josephine
  1149 | D        | Reached skill level 22 in Earth Magic
  1309 | D        | Noticed a manticore
  1310 | D        | Killed a manticore
  1325 | D        | Noticed a merfolk aquamancer
  1326 | D        | Noticed a rust devil
  1327 | D        | Killed a merfolk aquamancer
  1327 | D        | Reached skill level 15 in Spellcasting
  1327 | D        | Reached XP level 11. HP: 81/81 MP: 6/30
  1327 | D        | Noticed an orc knight
  1328 | D        | Reached skill level 23 in Earth Magic
  1332 | D        | Noticed a death knight
  1399 | D        | Killed an orc knight
  1411 | D        | Killed a death knight
  1465 | D        | Noticed an orc knight
  1472 | D        | Killed an orc knight
  1589 | D        | Reached skill level 24 in Earth Magic
  1596 | D        | Killed an orc sorcerer
  1707 | D        | Bought a +1 pair of boots of running for 511 gold pieces
  1707 | D        | Bought a +2 helmet of intelligence for 301 gold pieces
  1707 | D        | Bought a +2 robe of resistance for 527 gold pieces
  1713 | D        | Noticed a lindwurm
  1735 | D        | Killed a lindwurm
  2105 | D        | Bought a potion of mutation for 104 gold pieces
  2105 | D        | Bought a potion of cancellation for 104 gold pieces
  2105 | D        | Bought a potion of stabbing for 52 gold pieces
  2105 | D        | Bought a potion of heal wounds for 65 gold pieces
  2105 | D        | Bought a potion of brilliance for 52 gold pieces
  2105 | D        | Bought a potion of magic for 104 gold pieces
  2105 | D        | Bought a potion of might for 52 gold pieces
  2105 | D        | Bought 2 potions of ambrosia for 208 gold pieces
  2105 | D        | Bought a potion of might for 52 gold pieces
  2105 | D        | Bought a potion of curing for 39 gold pieces
  2105 | D        | Bought a potion of heal wounds for 65 gold pieces
  2120 | D        | Reached skill level 25 in Earth Magic
  2220 | D        | Reached XP level 12. HP: 79/88 MP: 27/33
  2345 | D        | Noticed an anaconda
  2348 | D        | Killed an anaconda
  2362 | D        | Noticed an emperor scorpion
  2367 | D        | Killed an emperor scorpion
  2498 | D        | Bought the ring of Gyoggenyq {rF+ SInv Stlth+} for 477 gold
                  | pieces
  2498 | D        | Bought the amulet of the Four Winds {rN+ MR+++ Clar} for
                  | 658 gold pieces
  2498 | D        | Found the amulet of the Four Winds {rN+ MR+++ Clar}
  2517 | D        | Reached skill level 26 in Earth Magic
  2517 | D        | Noticed a merfolk avatar
  2524 | D        | Killed a merfolk avatar
  2681 | D        | Noticed a vampire mage
  2681 | D        | Noticed Arachne
  2690 | D        | Killed a vampire mage
  2701 | D        | Killed Arachne
  2709 | D        | Reached skill level 27 in Earth Magic
  3003 | D        | Noticed an orc warlord
  3007 | D        | Killed an orc warlord
  3007 | D        | Reached XP level 13. HP: 35/94 MP: 20/36
  3012 | D        | Noticed an orc warlord
  3193 | D        | Killed an orc warlord
  3279 | D        | Noticed a deep elf blademaster
  3280 | D        | Killed a deep elf blademaster
  3775 | D        | Noticed a yellow draconian
  3780 | D        | Killed a yellow draconian
  3786 | D        | Got the cursed -1 helmet "Lualeov" {Rampage rF- Str+3
                  | Dex+6}
  3789 | D        | Got the +1 scale mail of Hedging {rPois Dex+4}
  3893 | D        | Noticed a yellow draconian stormcaller
  3896 | D        | Killed a yellow draconian stormcaller
  3906 | D        | Noticed a lich
  3909 | D        | Killed a lich
  3912 | D        | Noticed a nagaraja
  3914 | D        | Killed a nagaraja
  3915 | D        | Noticed a white draconian monk
  3916 | D        | Noticed a deep elf death mage
  3920 | D        | Killed a deep elf death mage
  3921 | D        | Killed a white draconian monk
  3921 | D        | Gained mutation: You resist negative energy. (rN+) [Deep
                  | Dwarf growth]
  3921 | D        | Reached XP level 14. HP: 80/102 MP: 13/41
  3926 | D        | Noticed a nagaraja
  3997 | D        | Noticed a deep elf sorcerer
  3999 | D        | Killed a deep elf sorcerer
  4264 | D        | Noticed a storm dragon
  4267 | D        | Killed a storm dragon
  4281 | D        | Noticed a nagaraja
  4302 | D        | HP: 3/102 [nagaraja/splash of poison (5)]
  4302 | D        | Killed from afar by a nagaraja

Illustrated notes

Levels and vault maps discovered:
D:        pitsprint [storerooms_1, entrance_room_1, metal_vault_4, armoury_1,
          mini_pit_1, grid_room_1, main_hall_1, silver_pit, the_coven_1,
          the_vestibule_1, steel_vault_3, golden_pit, hallway_of_sentries,
          crystal_vault_6, iron_vault_4, final_vault]

Skill      XL: |  1  2  3  4  5  6  7  8  9 10 11 12 13 14 |
---------------+-------------------------------------------+-----
Spellcasting   | 2 4 6 7 8 9 11 13 15 17 19 23 24 | 24.9
Earth Magic    | 6 10 12 14 15 17 18 21 22 25 27 | 27.0
Dodging        | |  2.1
Stealth        | |  2.4
Transmutations | |  0.8

Action                   |  1- 3 |  4- 6 |  7- 9 | 10-12 | 13-15 || total
-------------------------+-------+-------+-------+-------+-------++-------
Melee: Quarterstaff      |     4 |     5 |       |       |       ||     9
       Broad axe         |       |       |       |    24 |       ||    24
 Cast: Sandblast         |     7 |     7 |       |    14 |       ||    28
       Lee's Rapid Decon |       |     4 |    25 |    92 |    68 ||   189
Invok: Call Merchant     |       |       |       |     3 |       ||     3
       Potion Petition   |       |       |       |     3 |       ||     3
Evoke: Wand              |       |       |       |     2 |     3 ||     5
  Use: Potion            |       |       |     4 |    15 |    15 ||    34
       Scroll            |       |       |       |     1 |     1 ||     2
 Stab: Sleeping          |     1 |       |       |       |       ||     1
       Paralysed         |       |       |       |     3 |       ||     3
Armor: Ring mail         |       |       |       |    37 |       ||    37
       Robe              |       |       |       |     3 |     2 ||     5
Dodge: Dodged            |       |     2 |     2 |    42 |     5 ||    51

Table legend: (Time is in decaauts)
 A = Elapsed time spent in this place.
 B = Non-inter-level travel time spent in this place.
 C = Inter-level travel time spent in this place.
 D = Time resting spent in this place.
 E = Time spent auto-exploring this place.
 F = Levels seen in this place.
 G = Mean time per level.
                   A        B        C        D        E       F      G
               +--------+--------+--------+--------+--------+-----+--------+
         Total |   4243 |   4002 |    241 |   2544 |      0 |   1 | 4243.0 |
       Dungeon |   4243 |   4002 |    241 |   2544 |      0 |   1 | 4243.0 |
               +--------+--------+--------+--------+--------+-----+--------+

Top non-repeatable levels by time:
       D: 4243 daAuts
